 Dungeon Crawl Stone Soup version 0.20.1-1-g8b1a95d66d (webtiles) character file.

881 Jynx the Changer (level 7, -2/56 HPs)
             Began as a Green Draconian Transmuter on Dec 27, 2017.
             Slain by a two-headed ogre
             ... wielding a +0 giant club
              (20 damage)
             ... on level 4 of the Dungeon.
             The game lasted 00:14:35 (5800 turns).

Jynx the Changer (Green Draconian Transmuter)       Turns: 5800, Time: 00:14:36

Health: -2/56      AC:  2    Str: 12    XL:     7   Next: 75%
Magic:  8/10       EV: 20    Int: 13    God:
Gold:   201        SH:  0    Dex: 19    Spells: 4/10 levels left

rFire    . . .     SeeInvis .     - Unarmed
rCold    . . .     Gourm    .   (shield currently unavailable)
rNeg     . . .     Faith    .   (armour unavailable)
rPois    x         Spirit   .   (helmet currently unavailable)
rElec    .         Reflect  .   (cloak currently unavailable)
rCorr    .         Harm     .   (gloves currently unavailable)
MR       .....                  (boots currently unavailable)
Stlth    ++........             (no amulet)
Regen    0.2/turn               (no ring)
MPRegen  0.2/turn               (no ring)

@: spider-form (expiring)
A: (breathe noxious fumes), unfitting armour, AC +6
a: End Transformation


You were on level 4 of the Dungeon.
You were not hungry.
You were a venomous arachnid creature.
You visited 1 branch of the dungeon, and saw 5 of its levels.

You collected 201 gold pieces.

Inventory:

Missiles
 a - 45 arrows
Armour
 o - a +2 pair of boots (melded)
Scrolls
 g - 2 scrolls of amnesia {unknown}
 h - 2 scrolls of recharging
 i - 2 scrolls of fog
 j - a scroll of random uselessness {unknown}
 n - a scroll of enchant weapon
 p - a scroll of blinking {unknown}
 r - a scroll of remove curse {unknown}
 s - a scroll of magic mapping
Potions
 d - 3 potions of flight
 e - 2 potions of curing
 f - a potion of ambrosia
 k - a potion of heal wounds
 m - a potion of lignification
 q - 2 potions of agility
Books
 b - a book of Changes

   Spells                             Type                      Level
   a - Beastly Appendage              Transmutation                1
   b - Sticks to Snakes               Transmutation                2
   c - Spider Form                    Transmutation/Poison         3
   d - Ice Form                       Ice/Transmutation            4
   e - Blade Hands                    Transmutation                5
Comestibles
 c - 5 bread rations
 t - 2 royal jellies


   Skills:
 + Level 2.3 Fighting
 - Level 2.5 Dodging
 - Level 1.1 Stealth
 + Level 3.6 Unarmed Combat
 + Level 2.0 Spellcasting
 * Level 7.1 Transmutations
 - Level 4.4 Poison Magic


You had 4 spell levels left.
You knew the following spells:

 Your Spells              Type           Power        Failure   Level  Hunger
a - Beastly Appendage     Tmut           ###...       6%          1    ##.....
b - Sticks to Snakes      Tmut           ###.....     8%          2    ###....
c - Spider Form           Tmut/Pois      ###.......   19%         3    ####...


Dungeon Overview and Level Annotations

Branches:
Dungeon (5/15)
 Temple: D:4-7

Altars:
Trog

Annotations:
D:5 Grinder, Sigmund


Innate Abilities, Weirdness & Mutations

((You can breathe blasts of noxious fumes.))
((Your lurid green scales are hard. (AC +6)))
You cannot fit into any form of body armour.
((Your system is resistant to poisons. (rPois)))
((You are cold-blooded and may be slowed by cold attacks.))


Message History

Sigmund closely misses you.
You climb upwards.
There is a stone staircase leading down here.
You see here a ring mail.
Casting: Spider Form
Confirm with . or Enter, or press ? or * to list all spells.
You create a snake!
You now have 45 arrows.
The two-headed ogre hits you with a giant club.
The two-headed ogre closely misses you.
Your transformation is almost over.
Your ball python bites the two-headed ogre but does no damage.
You hit the two-headed ogre but do no damage.
The two-headed ogre is poisoned.
The two-headed ogre misses you. The two-headed ogre closely misses you.
Your ball python bites the two-headed ogre but does no damage.
You hit the two-headed ogre but do no damage.
The two-headed ogre is lightly wounded.
Your ball python bites the two-headed ogre but does no damage.
The two-headed ogre hits you with a giant club!!
You die...

..# #.#.................# ..#
#...................# ..##
###.............#.#.## ...#
####....###........#..## #..##
###.........#.#.....###..#
)...####...##.####..........###.#
...[..........# ###.###.#..###.#
....###.#.....######.###........#
................sO....###.#...#.#
....###.###.......S..>........#.#
....###.# ##..........###........
........# #..........#####.....#
#...##### #...........## ##....#
#..## ###............# #.#..#
..## ##............#.## #.##..
..# ####..#.............###.##..
..####....##..............#..####


You could see a two-headed ogre and a friendly ball python.

Vanquished Creatures
  Eustachio (D:5)
  The ghost of BrokenGlass the Insei, an amateur OpFi (D:3)
  The ghost of chimenez the Digger, an amateur OpEE of Cheibriados (D:4)
  A black bear (D:4)
  A centaur (D:5)
  An ogre (D:4)
  A howler monkey (D:4)
  An orc wizard (D:4)
  An orc priest (D:4)
  Jessica (D:2)
  2 worker ants
  A howler monkey skeleton (D:4)
  7 adders
  2 oozes (D:2)
  3 worms
  2 dart slugs
  5 leopard geckos
  7 orcs
  A giant cockroach (D:4)
  6 goblins
  6 hobgoblins
  9 jackals
  7 kobolds
  A quokka (D:3)
  A ball python (D:2)
  13 bats
  5 frilled lizards
  10 rats
98 creatures vanquished.

Vanquished Creatures (collateral kills)
  An orc priest (D:3)
  An adder (D:2)
  A worm (D:3)
  An orc (D:3)
4 creatures vanquished.

Vanquished Creatures (others)
  A wizard (D:4)
1 creature vanquished.

Grand Total: 103 creatures vanquished

Notes
Turn   | Place    | Note
-------+----------+-------------------------------------------
     0 | D:1      | Jynx the Draconian Transmuter began the quest for the Orb.
     0 | D:1      | Reached XP level 1. HP: 16/16 MP: 3/3
   424 | D:1      | Reached XP level 2. HP: 21/23 MP: 5/5
   702 | D:1      | Reached skill level 3 in Transmutations
   796 | D:1      | Reached skill level 1 in Stealth
  1206 | D:2      | Reached XP level 3. HP: 28/28 MP: 4/6
  1273 | D:1      | Learned a level 2 spell: Sticks to Snakes
  1277 | D:1      | Learned a level 3 spell: Spider Form
  1397 | D:2      | Noticed Jessica
  1408 | D:2      | Killed Jessica
  1408 | D:2      | Reached skill level 1 in Poison Magic
  1408 | D:2      | Reached XP level 4. HP: 11/35 MP: 5/7
  1690 | D:2      | Reached skill level 4 in Transmutations
  2633 | D:3      | Noticed BrokenGlass's ghost (amateur OpFi)
  2658 | D:3      | Killed BrokenGlass's ghost
  2658 | D:3      | Reached skill level 5 in Transmutations
  2658 | D:3      | Reached XP level 5. HP: 22/40 MP: 2/8
  3761 | D:4      | Reached XP level 6. HP: 22/47 MP: 9/9
  4089 | D:4      | Noticed chimenez's ghost (amateur OpEE)
  4114 | D:4      | Killed chimenez's ghost
  4132 | D:4      | Reached skill level 6 in Transmutations
  4632 | D:4      | Found a bloodstained altar of Trog.
  4635 | D:4      | Noticed a wizard
  4639 | D:4      | Killed a wizard
  4746 | D:4      | Your scales start taking on a lurid green colour.
  4746 | D:4      | Reached XP level 7. HP: 39/52 MP: 7/10
  4746 | D:4      | Gained mutation: Your system is resistant to poisons. (rPois) [Green Draconian growth]
  4896 | D:5      | Entered Level 5 of the Dungeon
  4926 | D:5      | Noticed Grinder
  5320 | D:5      | Noticed Eustachio
  5362 | D:5      | Killed Eustachio
  5362 | D:5      | Reached skill level 7 in Transmutations
  5493 | D:5      | Noticed a two-headed ogre
  5523 | D:5      | Noticed Sigmund
  5800 | D:4      | Slain by a two-headed ogre

Skill      XL: |  1  2  3  4  5  6  7 |
---------------+----------------------+-----
Transmutations | 3 5 6 7 |  7.1
Stealth        | 1 |  1.1
Poison Magic   | 1 2 4 |  4.4
Dodging        | 2 |  2.5
Fighting       | 2 |  2.3
Unarmed Combat | |  3.6
Spellcasting   | |  2.0

Action                   |  1- 3 |  4- 6 |  7- 9 || total
-------------------------+-------+-------+-------++-------
Melee: Unarmed           |    99 |   243 |    47 ||   389
       Tailslap          |     8 |    30 |     1 ||    39
       Kick              |     2 |    25 |       ||    27
       Headbutt          |     2 |    10 |       ||    12
       Punch             |     1 |     2 |       ||     3
 Cast: Beastly Appendage |    15 |    25 |     2 ||    42
       Sticks to Snakes  |     1 |    10 |     1 ||    12
       Spider Form       |       |       |     5 ||     5
  Use: Potion            |     1 |     2 |     1 ||     4
       Scroll            |       |     8 |     1 ||     9
 Stab: Sleeping          |     1 |     4 |     1 ||     6
  Eat: Chunk             |     2 |    12 |     4 ||    18
Armor: Skin              |    25 |    97 |     5 ||   127
Dodge: Dodged            |    81 |   160 |    55 ||   296
